 Dungeon Crawl Stone Soup version 0.28.0-43-g3370ac3207 (webtiles) character file.

Game seed: 18084907745174525356

281 Ablot the Grasshopper (level 6, -1/50 HPs)
             Began as a Gnoll Warper on Mar 4, 2022.
             Was an Initiate of Cheibriados.
             Slain by a water moccasin (2 damage)
             ... on level 4 of the Dungeon on Mar 5, 2022.
             The game lasted 00:04:56 (4199 turns).

Ablot the Grasshopper (Gnoll Warper)                Turns: 4199, Time: 00:04:56

Health: -1/50      AC:  3    Str: 13    XL:     6   Next: 27%
Magic:  14/14      EV: 13    Int: 14    God:    Cheibriados [......]
Gold:   107        SH:  0    Dex: 12    Spells: 13/15 levels left

rFire   . . .      SeeInvis .   p - +1 dagger (venom)
rCold   . . .      Faith    .   (no shield)
rNeg    . . .      Spirit   .   b - +0 leather armour
rPois   .          Reflect  .   (no helmet)
rElec   .          Harm     .   (no cloak)
rCorr   .          Rampage  .   (no gloves)
Will    .....                   (no boots)
Stlth   ++........              (no amulet)
HPRegen 0.16/turn               (no ring)
MPRegen 0.14/turn               (no ring)

@: lethally poisoned (-1 -> -12), very slow
A: fangs 1, strong nose, distributed training
a: Renounce Religion


You were on level 4 of the Dungeon.
You worshipped Cheibriados.
Cheibriados was noncommittal.
You visited 1 branch of the dungeon, and saw 4 of its levels.

You collected 107 gold pieces.

Inventory:

Hand Weapons
 a - a +0 spear
 n - the +8 arbalest of Dried Tears {venom, Will- Dex+4 Stlth+}
   (You found it on level 2 of the Dungeon)

   Any ammunition fired from it poisons the flesh of those it strikes.
   Dex:       It affects your dexterity (+4).
   Will:      It decreases your willpower.
   Stlth:     It makes you more stealthy.
 p - a +1 dagger of venom (weapon)
Missiles
 d - 5 boomerangs of dispersal
 g - 91 stones
 q - 37 arrows
 u - 3 poisoned darts (quivered)
Armour
 b - a +0 leather armour (worn)
Scrolls
 c - a scroll of blinking
 e - 5 scrolls of fog {unknown}
 f - 2 scrolls of identify {unknown}
 i - a scroll of magic mapping {unknown}
 k - a scroll of immolation {unknown}
 l - a scroll of vulnerability {unknown}
 m - a scroll of noise {unknown}
 t - a scroll of enchant weapon {unknown}
Potions
 h - a potion of might {unknown}
 j - a potion of magic
 o - a potion of brilliance {unknown}
 r - a potion of curing {unknown}
 s - a potion of heal wounds {unknown}


   Skills:
 + Level 4.9 Fighting
 + Level 1.9 Short Blades
 + Level 1.9 Long Blades
 + Level 1.9 Axes
 + Level 1.9 Maces & Flails
 + Level 4.9 Polearms
 + Level 1.9 Staves
 + Level 1.9 Slings
 + Level 1.9 Bows
 + Level 1.9 Crossbows
 + Level 3.2 Throwing
 + Level 3.2 Armour
 + Level 4.9 Dodging
 + Level 1.9 Stealth
 + Level 1.9 Shields
 + Level 1.9 Unarmed Combat
 + Level 5.3 Spellcasting
 + Level 1.5 Conjurations
 + Level 1.5 Hexes
 + Level 1.5 Summonings
 + Level 1.5 Necromancy
 + Level 5.6 Translocations
 + Level 1.5 Transmutations
 + Level 1.5 Fire Magic
 + Level 1.5 Ice Magic
 + Level 1.5 Air Magic
 + Level 1.5 Earth Magic
 + Level 1.5 Poison Magic
 + Level 2.1 Invocations
 + Level 1.9 Evocations


You had 13 spell levels left.
You knew the following spells:

 Your Spells              Type           Power      Damage    Failure   Level
a - Blink                 Tloc           38%        N/A       3%          2

Your spell library contained the following spells:

 Spells                   Type           Power      Damage    Failure   Level
 Gell's Gravitas          Tloc           19%        N/A       6%          3
 Lesser Beckoning         Tloc           19%        N/A       6%          3
 Teleport Other           Tloc           19%        N/A       6%          3
 Passage of Golubria      Tloc           19%        N/A       21%         4
 Tukima's Dance           Hex            7%         N/A       34%         3
 Manifold Assault         Tloc           19%        N/A       50%         5
 Yara's Violent Unravell  Hex/Tmut       3%         3d4       97%         5


Dungeon Overview and Level Annotations

Branches:
Dungeon (4/15)
 Temple: D:4-7

Altars:
Cheibriados
Fedhas
Gozag
Wu Jian
Xom


Innate Abilities, Weirdness & Mutations

You have very sharp teeth.
Your uncanny sense of smell can sniff out nearby items.
Your experience applies equally to all skills.


Message History

The water moccasin bites you.
You hit the water moccasin.
The water moccasin is lightly wounded.
The water moccasin closely misses you.
You completely miss the water moccasin.
You bite the water moccasin, but do no damage.
The water moccasin is lightly wounded.
The water moccasin bites you.
You closely miss the water moccasin.
The water moccasin is lightly wounded.
The water moccasin misses you. The water moccasin barely misses you.
You hit the water moccasin but do no damage.
Your bite misses the water moccasin.
The water moccasin is lightly wounded.
The water moccasin closely misses you.
You completely miss the water moccasin.
The water moccasin is lightly wounded.
The water moccasin closely misses you.
You hit the water moccasin but do no damage.
You bite the water moccasin, but do no damage.
The water moccasin is lightly wounded.
The water moccasin bites you!
* * * LOW HITPOINT WARNING * * *
The water moccasin closely misses you.
You hit the water moccasin but do no damage.
The water moccasin is lightly wounded.
The water moccasin bites you.
* * * LOW HITPOINT WARNING * * *
You are lethally poisoned!
The water moccasin poisons you!
You hit the water moccasin but do no damage.
The water moccasin is poisoned.
The water moccasin is lightly wounded.
* * * LOW HITPOINT WARNING * * *
You feel very sick. The water moccasin barely misses you.
It was a potion of magic.
Magic courses through your body.
* * * LOW HITPOINT WARNING * * *
You feel sick. The water moccasin bites you.
You die...

### . .. #.?# #.
#. #.. ...# .
#.##.##.###..[# ..
........##....#...
........##@#......
........#..S..##..
!.......##).......
..........##.(.#..
.#....<..# ./#..#
#.#+#....#......
...##...###..
....# #.... .
#.....# ###..


You could see a water moccasin (very poisoned).

Vanquished Creatures
  A water moccasin skeleton (D:3)
  A hound (D:4)
  Natasha (thrice) (D:2)
  A hound skeleton (D:4)
  5 adders
  An ufetubus (D:4)
  4 worms
  2 dart slugs
  An orc (D:4)
  4 ball pythons
  4 endoplasms
  A giant cockroach (D:2)
  5 goblins
  4 hobgoblins
  3 jackals
  2 quokkas (D:1)
  3 bats (D:1)
  4 frilled lizards
  5 kobolds
  6 rats
60 creatures vanquished.

Vanquished Creatures (others)
  2 plants (D:1)
2 creatures vanquished.

Grand Total: 62 creatures vanquished

Notes
Turn   | Place    | Note
-------+----------+-------------------------------------------
     0 | D:1      | Ablot the Gnoll Warper began the quest for the Orb.
     0 | D:1      | Reached XP level 1. HP: 20/20 MP: 6/6
   148 | D:1      | Found a faded altar of an unknown god.
   423 | D:1      | Reached XP level 2. HP: 26/26 MP: 7/7
   426 | D:1      | Learned a level 2 spell: Blink
   963 | D:1      | Reached XP level 3. HP: 31/31 MP: 9/9
  1299 | D:2      | Reached skill level 5 in Spellcasting
  1505 | D:2      | Reached skill level 1 in Invocations
  1779 | D:2      | Reached skill level 1 in Short Blades
  1779 | D:2      | Reached skill level 1 in Long Blades
  1779 | D:2      | Reached skill level 1 in Axes
  1779 | D:2      | Reached skill level 1 in Maces & Flails
  1779 | D:2      | Reached skill level 1 in Staves
  1779 | D:2      | Reached skill level 1 in Slings
  1779 | D:2      | Reached skill level 1 in Bows
  1779 | D:2      | Reached skill level 1 in Crossbows
  1779 | D:2      | Reached skill level 1 in Stealth
  1779 | D:2      | Reached skill level 1 in Shields
  1779 | D:2      | Reached skill level 1 in Unarmed Combat
  1779 | D:2      | Reached skill level 1 in Evocations
  2159 | D:2      | Reached XP level 4. HP: 38/38 MP: 11/11
  2202 | D:2      | Found an opulent altar of Gozag.
  2203 | D:2      | Identified the +8 arbalest of Dried Tears {venom, Will-
                  | Dex+4 Stlth+}
  2321 | D:2      | Noticed Natasha
  2353 | D:2      | Killed Natasha
  2354 | D:2      | Reached skill level 1 in Conjurations
  2354 | D:2      | Reached skill level 1 in Hexes
  2354 | D:2      | Reached skill level 1 in Summonings
  2354 | D:2      | Reached skill level 1 in Necromancy
  2354 | D:2      | Reached skill level 1 in Transmutations
  2354 | D:2      | Reached skill level 1 in Fire Magic
  2354 | D:2      | Reached skill level 1 in Ice Magic
  2354 | D:2      | Reached skill level 1 in Air Magic
  2354 | D:2      | Reached skill level 1 in Earth Magic
  2354 | D:2      | Reached skill level 1 in Poison Magic
  2617 | D:2      | Noticed Natasha
  2634 | D:2      | Killed Natasha
  2969 | D:2      | Noticed Natasha
  2984 | D:2      | Killed Natasha
  2985 | D:2      | Reached XP level 5. HP: 22/43 MP: 12/12
  3710 | D:3      | Found a blossoming altar of Fedhas.
  3746 | D:3      | Found an ornate altar of the Wu Jian Council.
  3773 | D:3      | Found a shimmering altar of Xom.
  4094 | D:4      | Found a snail-covered altar of Cheibriados.
  4098 | D:4      | Noticed a water moccasin
  4103 | D:4      | Reached XP level 6. HP: 39/50 MP: 13/13
  4187 | D:4      | Became a worshipper of Cheibriados the Contemplative
  4199 | D:4      | HP: 1/50 [poisoned by a water moccasin]
  4199 | D:4      | Slain by a water moccasin

Illustrated notes

Levels and vault maps discovered:
D:1:      giann_wishing_wells, layout_basic, dreamdust_ecumenical_altar_grove,
          minmay_heptomino_o4
D:2:      layout_loops_ring, basic_altar, uniq_natasha
D:3:      layout_rooms, nicolae_overflow_squiral, fedhas_altar_fruit_tree,
          minivault_11, st_stairs_12
D:4:      lemuel_castle_with_subvaults [lemuel_castle_interior_carwin_1],
          layout_gridville, minmay_ruined_shrine

Skill      XL: |  1  2  3  4  5 |
---------------+----------------+-----
Spellcasting   | 5 |  5.3
Invocations    | 1 2 |  2.1
Short Blades   | 1 |  1.9
Long Blades    | 1 |  1.9
Axes           | 1 |  1.9
Maces & Flails | 1 |  1.9
Staves         | 1 |  1.9
Slings         | 1 |  1.9
Bows           | 1 |  1.9
Crossbows      | 1 |  1.9
Stealth        | 1 |  1.9
Shields        | 1 |  1.9
Unarmed Combat | 1 |  1.9
Evocations     | 1 |  1.9
Conjurations   | 1 |  1.5
Hexes          | 1 |  1.5
Summonings     | 1 |  1.5
Necromancy     | 1 |  1.5
Transmutations | 1 |  1.5
Fire Magic     | 1 |  1.5
Ice Magic      | 1 |  1.5
Air Magic      | 1 |  1.5
Earth Magic    | 1 |  1.5
Poison Magic   | 1 |  1.5
Throwing       | 3 |  3.2
Armour         | 3 |  3.2
Fighting       | |  4.9
Polearms       | |  4.9
Dodging        | |  4.9
Translocations | |  5.6

Action                   |  1- 3 |  4- 6 || total
-------------------------+-------+-------++-------
Melee: Spear             |   134 |    96 ||   230
       Bite              |     5 |    20 ||    25
       Punch             |       |     4 ||     4
       Dagger            |       |    93 ||    93
Throw: Dart              |       |     1 ||     1
 Cast: Blink             |     3 |       ||     3
  Use: Potion            |       |     1 ||     1
 Stab: Sleeping          |     2 |     3 ||     5
Armor: Leather armour    |    22 |    25 ||    47
Dodge: Dodged            |    54 |    86 ||   140
